AoeStats
← BOCANEGRA

Northern Isles

510330325Analyzed
1v1 RM · 2d ago on Sep 30, 2026· 31m 45s· 2 players
Game mode
Random Map
Map size
Tiny (2 player)
Population
200
Speed
Normal
Resources
Standard
Victory
Conquest
Starting age
Dark Age
Ending age
Imperial Age
RankedLock teamsTeams togetherTeam positionsShared explorationLock speedFull tech treeHidden civsTurbo modeCheats
Victory
Defeat
🇨🇱 Vikings · Chile
868
+15
🇦🇷 Britons · Argentina
852
-15
BOCANEGRA
10:21 Feudal Age
10:54 Double-Bit Axe
10:53 Fishing Lines
13:38 Gold Mining
14:32 Loom
16:56 Fletching
19:07 Castle Age
16:58 Horse Collar
18:06 Stone Mining
19:49 Bodkin Arrow
21:00 Gold Shaft Mining
20:37 Gillnets
22:03 Heavy Plow
24:50 Demolition Ship
25:46 Medium Warships
25:59 Padded Archer Armor
30:49 Town Watch
wardjawulf
1:56 Loom
14:51 Feudal Age
15:29 Double-Bit Axe
15:37 Gold Mining
15:31 Fishing Lines
17:40 Stone Mining
20:41 Castle Age
21:40 Gillnets
21:53 Fletching
23:51 Bodkin Arrow
26:13 Gold Shaft Mining
25:50 Bow Saw
30:57 Imperial Age
Connection lost

Rejoining the realm…

Still unreachable

The connection could not be restored.

Session expired

The server has moved on; the page needs a fresh start.